 Dungeon Crawl Stone Soup version 0.19-a0-926-g4486784 (webtiles) character file.

12364 retryentry the Severer (level 11, -1/99 HPs)
             Began as a Hill Orc Fighter on July 6, 2016.
             Was a High Priest of Beogh.
             Slain by an orc warlord
             ... wielding a +0 battleaxe
              (15 damage)
             ... on level 2 of the Orcish Mines.
             The game lasted 00:39:23 (11959 turns).

retryentry the Severer (Hill Orc Fighter)          Turns: 11959, Time: 00:39:24

Health: -1/99      AC: 21    Str: 23      XL:     11   Next: 92%
Magic:  11/11      EV:  4    Int:  7 (8)  God:    Beogh [*****.]
Gold:   855        SH: 13    Dex: 10      Spells: 0 memorised, 10 levels left

rFire  + . .     SeeInvis .     w - +4 broad axe
rCold  . . .     Gourm    .     M - +0 plate armour
rNeg   . . .     Faith    +     O - +3 shield
rPois  .         Spirit   .     (no helmet)
rElec  .         Dismiss  .     g - +0 cloak
rCorr  +         Reflect  .     c - +0 pair of gloves
SustAt .         Harm     .     D - +0 pair of boots
MR     .....                    u - amulet of faith
Stlth  ..........               W - ring of resist corrosion (curse)
                                X - ring of protection from fire

@: lethally poisoned (-1 -> -7), not resistant to hostile enchantments,
extremely unstealthy
A: walk on water
a: Smiting, Recall Orcish Followers, Give Item to Named Follower, Renounce
Religion


You were on level 2 of the Orcish Mines.
You worshipped Beogh.
Beogh was extremely pleased with you.
You were not hungry.

You visited 2 branches of the dungeon, and saw 11 of its levels.
You also visited: Ossuary and Bailey.

You collected 904 gold pieces.
You spent 49 gold pieces at shops.

Inventory:

Hand Weapons
 a - a +1 war axe
 b - a +0 battleaxe
 w - a +4 broad axe (weapon)
 A - a +0 flail of crushing
Missiles
 G - 16 tomahawks (quivered)
 L - 4 javelins
Armour
 c - a +0 pair of gloves (worn)
 g - a +0 cloak (worn)
 D - a +0 pair of boots (worn)
 M - a +0 plate armour (worn)
 O - a +3 shield (worn)
Jewellery
 u - an amulet of faith (around neck)
 F - a +3 ring of dexterity
 P - an uncursed amulet of regeneration
 W - a cursed ring of resist corrosion (right hand)
 X - a ring of protection from fire (left hand)
Wands
 C - a wand of polymorph (18/24)
 J - a wand of iceblast (2/15)
 Z - a wand of teleportation (4/9)
Scrolls
 e - a scroll of amnesia
 i - 2 scrolls of fear
 l - a scroll of magic mapping
 m - 2 scrolls of remove curse
 n - 5 scrolls of enchant armour
 q - 3 scrolls of teleportation
 r - 3 scrolls of blinking
 s - a scroll of recharging
 y - 2 scrolls of immolation
 H - a scroll of fog
Potions
 d - 2 potions of haste {unknown}
 h - 3 potions of agility {unknown}
 j - 9 potions of curing
 o - 5 potions of brilliance
 p - a potion of heal wounds
 x - 4 potions of ambrosia
 B - 4 potions of cure mutation
 E - 3 potions of degeneration {unknown}
 N - a potion of cancellation {unknown}
 Q - a potion of magic {unknown}
 R - 2 potions of invisibility
 V - a potion of mutation {unknown}
 Y - a potion of might
Books
 T - a book of the Earth

   Spells                             Type                      Level
   a - Leda's Liquefaction            Hexes/Earth                  4
   b - Bolt of Magma                  Conjuration/Fire/Earth       5
   c - Statue Form                    Transmutation/Earth          6
   d - Iron Shot                      Conjuration/Earth            6
   e - Shatter                        Earth                        9
Comestibles
 f - 5 bread rations
 t - 3 royal jellies
 v - 2 slices of pizza
 z - 2 meat rations
 K - 25 fruits


   Skills:
 + Level 9.9 Fighting
 + Level 17.9 Axes
 + Level 9.8 Armour
 - Level 3.2 Shields


You had 10 spell levels left.
You didn't know any spells.

Dungeon Overview and Level Annotations

Branches:
Dungeon (9/15)             Temple (0/1) D:4             Orc (2/2) D:9
   Lair: D:8-11         Elf: Orc:2

Altars:
Ashenzari
Cheibriados
Dithmenos
Elyvilon
Hepliaklqana
Makhleb
Nemelex Xobeh
Vehumet
Xom
Yredelemnul
The Shining One

Shops:
Orc:1 *}!%?   Orc:2 [*

Annotations:
Orc:2 Nessos


Message History

You found a teleport trap!
Nessos shoots an arrow.
The arrow hits your orc knight! The arrow burns your orc knight.
Your orc knight dies!
Nessos looks more experienced.
The orc warrior hits you but does no damage.
The troll bites you!
* * * LOW HITPOINT WARNING * * *
You block the troll's attack. x2
Your orc warrior hits the orc warlord with a falchion.
Things that are here:
an uncursed hunting sling; 58 stones; an orc corpse Unknown command.
Unknown command.
You slice the orc warlord!!
The orc warlord is moderately wounded.
You hit the troll but do no damage.
Nessos shoots an arrow.
The arrow hits you!
* * * LOW HITPOINT WARNING * * *
You are poisoned.
The orc warlord hits you with a battleaxe!
You die...

..P..T).o...
....PP)P3..................
#......)...........8.......
...oo..P..............P...
#.#o.......##...P....c...P.
....<....... #.o..P........
....o......# ##o.o....(....
#....###.#####.To().).)...#
#.$......###.#..@oo)(......
#.........#....^o).))...###
#...............)).).####
##...........$.))...##
##...$......<)).####
#...........# ##.........##
#........### ###....#.#


You could see an orc warlord, Nessos, a troll, 2 orc warriors, the friendly
Brunolf the orc warlord, a friendly orc high priest and 2 friendly orc warriors.

Vanquished Creatures
  2 orc high priests (Orc:2)
  2 orc knights (Bailey)
  An orc sorcerer (Orc:1)
  2 trolls (Orc:1)
  A two-headed ogre (D:9)
  4 wraiths (D:8)
  Eustachio (D:5)
  4 fire bats (D:8)
  3 hippogriffs
  A wyvern (D:8)
  A warg (Orc:1)
  Edmund (D:4)
  11 orc warriors
  A sky beast (D:7)
  An ice beast (D:7)
  2 phantoms
  A black bear (D:6)
  A wasp (D:8)
  7 ogres
  A crocodile (D:8)
  2 centaurs
  A big kobold (D:8)
  An elf zombie (D:5)
  2 giant frogs
  3 water moccasin zombies (Ossuary)
  2 elf skeletons (D:5)
  A scorpion (D:8)
  5 wights (D:6)
  3 crimson imps
  A giant frog zombie (D:5)
  4 jellies
  4 orc priests
  12 orc wizards
  A centaur skeleton (D:7)
  A hound (D:5)
  2 giant frog skeletons (D:9)
  A gnoll shaman (D:7)
  Terence (D:3)
  An iguana (D:4)
  2 human skeletons (D:5)
  3 worker ants
  A killer bee zombie (D:7)
  3 big kobold zombies (Ossuary)
  A hound zombie (D:6)
  2 hound skeletons (D:5)
  2 mummies (Ossuary)
  13 gnolls
  A howler monkey skeleton (D:9)
  14 adders
  A shadow imp (D:6)
  An ooze (D:3)
  12 adder zombies
  3 worms
  5 dart slugs
  3 giant geckos
  17 orcs
  52 bats
  5 giant cockroaches
  4 gnoll zombies (Ossuary)
  17 hobgoblins
  13 jackals
  8 kobolds
  A quokka (D:6)
  A giant gecko skeleton (D:5)
  4 giant newts
  19 goblins
  7 hobgoblin zombies (Ossuary)
  A jackal zombie (D:5)
  4 kobold zombies (Ossuary)
  An orc skeleton (D:5)
  2 orc zombies (Ossuary)
  3 rats
322 creatures vanquished.

Vanquished Creatures (collateral kills)
  An orc high priest (Orc:2)
  A flayed ghost (D:8)
  An orc knight (Orc:1)
  A boulder beetle (Orc:1)
  2 trolls
  A wraith (D:8)
  2 fire bats (D:8)
  5 yaks (D:9)
  A phantom (D:9)
  4 ogres
  4 orc warriors
  A big kobold (D:9)
  A giant frog (D:9)
  An orc priest (Orc:2)
  An iguana (D:9)
  2 orc wizards (D:9)
  2 worker ants
  3 gnolls (Bailey)
  2 adders
  4 orcs
  A goblin (Bailey)
  11 bats (D:8)
  A fungus (Orc:2)
53 creatures vanquished.

Vanquished Creatures (others)
  2 orc knights (Orc:2)
  3 orc wizards
  15 orc warriors
  3 orc priests
  A centaur skeleton (D:4)
  An adder (D:4)
  33 orcs
58 creatures vanquished.

Grand Total: 433 creatures vanquished

Notes
Turn   | Place    | Note
-------+----------+-------------------------------------------
     0 | D:1      | retryentry the Hill Orc Fighter began the quest for the Orb.
     0 | D:1      | Reached XP level 1. HP: 19/19 MP: 1/1
    80 | D:1      | Reached skill level 3 in Axes
   130 | D:1      | Reached XP level 2. HP: 11/26 MP: 2/2
   393 | D:1      | Reached skill level 4 in Axes
   680 | D:2      | Reached XP level 3. HP: 31/31 MP: 3/3
   748 | D:2      | Found a sparkling altar of Nemelex Xobeh.
   871 | D:2      | Reached skill level 5 in Axes
   888 | D:2      | Found a faded altar of an unknown god.
  1124 | D:2      | Reached XP level 4. HP: 28/39 MP: 4/4
  1460 | D:2      | Reached skill level 6 in Axes
  1914 | D:3      | Reached XP level 5. HP: 45/45 MP: 5/5
  2027 | D:3      | Noticed Terence
  2041 | D:3      | Killed Terence
  2041 | D:3      | Reached skill level 7 in Axes
  2122 | D:4      | Became a worshipper of Beogh the Brigand
  2160 | D:4      | Noticed Edmund
  2174 | D:4      | Killed Edmund
  2174 | D:4      | Reached skill level 8 in Axes
  2174 | D:4      | Reached XP level 6. HP: 48/51 MP: 4/6
  2263 | D:4      | Found a staircase to the Ecumenical Temple.
  2409 | D:4      | Noticed a phantom
  2426 | D:4      | Killed a phantom
  2426 | D:4      | Reached skill level 9 in Axes
  2566 | D:4      | Found a snail-covered altar of Cheibriados.
  2924 | D:5      | Entered Level 5 of the Dungeon
  2962 | D:5      | Reached XP level 7. HP: 55/57 MP: 5/7
  2970 | D:5      | Found a shimmering altar of Xom.
  2986 | D:5      | Reached skill level 10 in Axes
  3216 | D:5      | Noticed Eustachio
  3254 | D:5      | Killed Eustachio
  3254 | D:5      | Reached skill level 11 in Axes
  3254 | D:5      | Reached XP level 8. HP: 20/64 MP: 6/8
  3276 | D:5      | Found a shadowy altar of Dithmenos.
  3298 | D:5      | Reached * piety under Beogh
  3322 | D:5      | Found a sand-covered staircase.
  3351 | Ossuary  | Entered an ossuary
  3566 | Ossuary  | Reached skill level 12 in Axes
  3853 | Ossuary  | Reached ** piety under Beogh
  4031 | D:5      | Reached skill level 13 in Axes
  4033 | D:5      | Found a basalt altar of Yredelemnul.
  4038 | D:5      | Found a hazy altar of Hepliaklqana.
  4179 | D:5      | Found a glowing golden altar of the Shining One.
  4966 | D:5      | Reached XP level 9. HP: 65/71 MP: 9/9
  5034 | D:6      | Reached skill level 14 in Axes
  6014 | D:6      | Reached skill level 5 in Armour
  6088 | D:6      | Reached skill level 5 in Fighting
  6216 | D:6      | Reached *** piety under Beogh
  7032 | D:7      | Reached skill level 15 in Axes
  7053 | D:7      | Found a burning altar of Makhleb.
  7129 | D:7      | Found a shimmering altar of Xom.
  7659 | D:8      | Found a flagged portal.
  7666 | D:8      | Reached XP level 10. HP: 72/83 MP: 10/10
  7696 | Bailey   | Entered a bailey
  7846 | Bailey   | Reached **** piety under Beogh
  7918 | Bailey   | Noticed an orc knight
  7950 | Bailey   | Killed an orc knight
  8068 | Bailey   | Noticed an orc knight
  8075 | Bailey   | Noticed an orc warlord
  8269 | Bailey   | HP: 3/84 [orc warrior/enchanted war axe (8)]
  8287 | Bailey   | Killed an orc knight
  9081 | D:8      | Reached skill level 16 in Axes
  9871 | D:8      | Found a runed door.
  9915 | D:8      | Found a radiant altar of Vehumet.
  9952 | D:8      | Found a basalt altar of Yredelemnul.
 10050 | D:8      | Found a glowing golden altar of the Shining One.
 10063 | D:8      | Reached ***** piety under Beogh
 10100 | D:8      | Gained Borgk as an ally
 10115 | D:8      | Your ally Borgk died
 10142 | D:8      | Gained Brunolf as an ally
 10142 | D:8      | Reached XP level 11. HP: 94/94 MP: 11/11
 10174 | D:8      | Found a white marble altar of Elyvilon.
 10185 | D:8      | Noticed a flayed ghost
 10194 | D:8      | Killed a flayed ghost
 10219 | D:8      | Found a burning altar of Makhleb.
 10252 | D:8      | Found a hazy altar of Hepliaklqana.
 10324 | D:9      | Found a shattered altar of Ashenzari.
 10545 | D:9      | Reached skill level 17 in Axes
 10828 | D:9      | Found a staircase to the Orcish Mines.
 10855 | Orc:1    | Entered Level 1 of the Orcish Mines
 11023 | Orc:1    | Noticed an orc sorcerer
 11030 | Orc:1    | Paralysed by an orc sorcerer for 7 turns
 11038 | Orc:1    | Killed an orc sorcerer
 11049 | Orc:1    | Found Hacaas's General Store.
 11097 | Orc:1    | Noticed an orc sorcerer
 11105 | Orc:1    | Reached ****** piety under Beogh
 11435 | Orc:1    | Found Qivvialo's Distillery.
 11449 | Orc:1    | Found Tosihy's Food Shop.
 11515 | Orc:1    | Found Olaurufa's Magic Scroll Boutique.
 11524 | Orc:1    | Bought a scroll of magic mapping for 49 gold pieces
 11575 | Orc:1    | Noticed an orc knight
 11579 | Orc:1    | Noticed a sixfirhy
 11583 | Orc:1    | Found Liel's Gadget Boutique.
 11592 | Orc:1    | Killed an orc knight
 11834 | Orc:2    | Entered Level 2 of the Orcish Mines
 11834 | Orc:2    | Found Saolaloq's Antique Armour Emporium.
 11834 | Orc:2    | Noticed an orc knight
 11834 | Orc:2    | Noticed an orc warlord
 11834 | Orc:2    | Noticed an orc knight
 11836 | Orc:2    | Noticed an orc high priest
 11842 | Orc:2    | Noticed a sun demon
 11842 | Orc:2    | Noticed a sun demon
 11926 | Orc:2    | Noticed an orc high priest
 11928 | Orc:2    | Gained Bogwik as an ally
 11929 | Orc:2    | Found Ewaant's General Store.
 11929 | Orc:2    | Noticed an orc high priest
 11933 | Orc:2    | Noticed a sixfirhy
 11933 | Orc:2    | Killed an orc high priest
 11941 | Orc:2    | Your ally Bogwik died
 11949 | Orc:2    | Noticed a soul eater
 11949 | Orc:2    | Killed an orc high priest
 11952 | Orc:2    | Noticed Nessos
 11957 | Orc:2    | Killed an orc high priest
 11959 | Orc:2    | Slain by an orc warlord

Vault maps used:
D:1:      sevenhm_arrival_forest_fort_small_3
D:2:      nicolae_overflow_crystal_walls, first_bread, ecumenical_altar_1,
          grunt_ministairs_7
D:3:      uniq_terence
D:4:      overflow_temple_1_default, uniq_edmund
D:5:      marbit_many_paths, minitemple, nicolae_ossuary_entry_catacombs,
          minmay_ruined_shrine, uniq_eustachio
D:7:      xom_butterflies, kennysheep_little_box, nicolae_underground_beach
D:8:      due_megacathedral, enter_bailey_1, blue_anna_alchemist,
          minmay_misc_feat_enclosed
D:9:      lemuel_crystal_altar, david_orc_4
Orc:1:    serial_shops, shop, nicolae_shop_behind_doors, shop, shop, shop,
          rock_pile
Orc:2:    grunt_orc_gardens, grunt_orc_garden, grunt_orc_garden,
          grunt_orc_garden, grunt_orc_garden, minmay_orc_temple_b, uniq_sonja,
          uniq_nessos
Ossuary:  ossuary_tomb_2
Bailey:   bailey_axe_minmay_hex_keep, bailey

Skill      XL: |  1  2  3  4  5  6  7  8  9 10 11 |
---------------+----------------------------------+-----
Axes           | 3 4 5 6 8 9 11 13 15 16 17 | 17.9
Fighting       | 4 6 8 9 |  9.9
Armour         | 6 8 9 |  9.8
Shields        | |  3.2

Action                   |  1- 3 |  4- 6 |  7- 9 | 10-12 || total
-------------------------+-------+-------+-------+-------++-------
Melee: War axe           |   122 |   138 |   587 |   124 ||   971
       Broad axe         |       |       |       |   352 ||   352
Throw: Tomahawk          |       |       |     5 |       ||     5
Invok: Convert to Beogh  |       |     1 |       |       ||     1
       Smiting           |       |       |       |     1 ||     1
       Resurrection      |       |       |       |     1 ||     1
Evoke: Wand              |       |       |       |     8 ||     8
  Use: Scroll            |       |       |     6 |    22 ||    28
       Potion            |       |       |     2 |     3 ||     5
 Stab: Distracted        |       |       |       |     1 ||     1
  Eat: Chunk             |     1 |     6 |    10 |    14 ||    31
       Pizza             |       |       |     1 |       ||     1
       Fruit             |       |       |     2 |     1 ||     3
       Beef jerky        |       |       |     1 |       ||     1
Armor: Scale mail        |    69 |    71 |    87 |       ||   227
       Plate armour      |       |       |   110 |   202 ||   312
Dodge: Dodged            |    39 |    40 |    80 |    60 ||   219
Block: Shield            |    73 |    78 |   202 |   308 ||   661
